 Dungeon Crawl Stone Soup version 0.22.1-2-g9c5b331 (webtiles) character file.

70 HoaS the Ruffian (level 4, 0/29 HPs)
             Began as a Gargoyle Berserker on Dec 28, 2018.
             Was a Believer of Trog.
             Slain by a gnoll (2 damage)
             ... while paralysed
             ... on level 2 of the Dungeon.
             The game lasted 00:04:25 (1007 turns).

HoaS the Ruffian (Gargoyle Berserker)               Turns: 1007, Time: 00:04:25

Health: 0/29       AC:  9    Str: 21    XL:     4   Next: 22%
Magic:  4/4        EV:  2    Int:  8    God:    Trog [**....]
Gold:   67         SH:  0    Dex:  9    Spells: 3/3 levels left

rFire    . . .     SeeInvis .     - Unarmed
rCold    . . .     Gourm    .   (no shield)
rNeg     + . .     Faith    .   k - +0 ring mail
rPois    ∞         Spirit   .   (no helmet)
rElec    +         Reflect  .   (no cloak)
rCorr    .         Harm     .   (no gloves)
MR       .....                  (no boots)
Stlth    ..........             (no amulet)
HPRegen  0.09/turn              (no ring)
MPRegen  0.09/turn              (no ring)

@: paralysed, berserk cooldown, slowed
A: negative energy resistance 1, electricity resistance, unbreathing,
petrification resistance, rot immunity, AC +3
a: Berserk, Trog's Hand, Renounce Religion


You were on level 2 of the Dungeon.
You worshipped Trog.
Trog was pleased with you.
You were near starving.

You visited 1 branch of the dungeon, and saw 2 of its levels.

You collected 67 gold pieces.

Inventory:

Armour
 k - a +0 ring mail (worn)
Jewellery
 h - an uncursed ring of protection from fire {unknown}
Scrolls
 i - a scroll of teleportation
Potions
 d - a potion of curing {unknown}
 e - 2 potions of brilliance {unknown}
 f - a potion of haste {unknown}
 g - a potion of agility {unknown}
 j - 2 potions of heal wounds {unknown}
Comestibles
 b - 4 rations
 c - 3 chunks of flesh


   Skills:
 + Level 3.9 Fighting
 + Level 3.0 Armour
 - Level 1.5 Dodging
 * Level 4.1 Unarmed Combat


You had 3 spell levels left.
You didn't know any spells.
Your spell library was empty.

Dungeon Overview and Level Annotations

Branches:
Dungeon (2/15)

Altars:


Innate Abilities, Weirdness & Mutations

You are resistant to torment.
Your stone body is resilient. (AC +3)
You are immune to poison.
You resist negative energy. (rN+)
You are resistant to electric shocks. (rElec)
You can survive without breathing.
You are immune to petrification.
You are immune to rotting.


Message History

You hit the gnoll.
You kill the gnoll!
Trog accepts your kill.
You can now call upon Trog for regeneration and magic resistance.
Your Armour skill increases to level 3!
The gnoll hits you from afar with a halberd.
The gnoll hits you.
Things that are here:
a club; a hobgoblin corpse; an adder corpse You closely miss the gnoll.
The gnoll barely misses you. The gnoll closely misses you.
You closely miss the gnoll. You punch the gnoll!
The gnoll is almost dead.
You are no longer berserk.
You pass out from exhaustion.
You feel yourself slow down. The gnoll hits you with a halberd!
* * * LOW HITPOINT WARNING * * *
The gnoll hits you.
You die...

.. .. ..### ##########
....# #........# # ....#
#...[....# .#
....####........##..#
....†..#.......g...#
....#.†........g####
....##........wg@..#
..#...........####.......
#).###..#...### #######
#..w.........#
#..#....##.#......
#..###..##>.......
........###).......
.....#.g.# #.......
.....##.... .......


You could see a worm and 3 gnolls.

Vanquished Creatures
  A gnoll (D:2)
  3 adders (D:2)
  A dart slug (D:1)
  2 ball pythons (D:1)
  6 giant cockroaches (D:1)
  3 goblins
  2 hobgoblins
  2 jackals (D:2)
  2 kobolds (D:1)
  A quokka (D:2)
  2 bats (D:1)
  A frilled lizard (D:2)
  5 rats (D:1)
31 creatures vanquished.

Notes
Turn   | Place    | Note
-------+----------+-------------------------------------------
     0 | D:1      | HoaS the Gargoyle Berserker began the quest for the Orb.
     0 | D:1      | Reached XP level 1. HP: 14/14 MP: 1/1
   107 | D:1      | Reached XP level 2. HP: 13/19 MP: 2/2
   749 | D:1      | Reached XP level 3. HP: 23/23 MP: 3/3
   939 | D:2      | Reached ** piety under Trog
   991 | D:2      | Reached skill level 4 in Unarmed Combat
   991 | D:2      | Reached XP level 4. HP: 26/29 MP: 4/4
  1007 | D:2      | Slain by a gnoll

Skill      XL: |  1  2  3  4 |
---------------+-------------+-----
Unarmed Combat | 4 |  4.1
Armour         | 3 |  3.0
Fighting       | |  3.9
Dodging        | |  1.5

Action                   |  1- 3 |  4- 6 || total
-------------------------+-------+-------++-------
Melee: Unarmed           |   112 |    15 ||   127
       Punch             |     1 |       ||     1
Invok: Berserk           |     1 |       ||     1
       Trog's Hand       |     1 |       ||     1
  Use: Scroll            |     2 |       ||     2
Armor: Animal skin       |    23 |       ||    23
       Ring mail         |    15 |     3 ||    18
Dodge: Dodged            |    75 |     9 ||    84
